NCAA
OKLAHOMA STATE COWBOYS @ SOUTHERN CALIFORNIA TROJANS
04/30/2024
 
TOP OF THE 1ST
Oklahoma State Cowboys batting - Pitching for Southern California Trojans : RHP Carl Thomas
Pitching: RHP Carl Thomas
Batting: RHB Mark McCullough 0-0: Swinging Strike
0-1: Ground out 4-3 (Groundball, 4)
Batting: RHB Earnest Maldonado 0-0: Ball
1-0: Called Strike
1-1: Swinging Strike
1-2: Ball
2-2: Ball
3-2: Strikes out swinging
Batting: RHB Jack Hollon 0-0: Ball
1-0: Ball
2-0: Called Strike
2-1: Ball
3-1: Fly out, F9 (Flyball, 89M)
Top of the 1st over - 0 run(s), 0 hit(s), 0 error(s), 0 left on base; Oklahoma State 0 - Southern California 0
BOTTOM OF THE 1ST
Southern California Trojans batting - Pitching for Oklahoma State Cowboys : RHP Lance Britt
Pitching: RHP Lance Britt
Batting: RHB Gabriel Erwin 0-0: Ball
1-0: Called Strike
1-1: Foul Ball, location: 2F
1-2: Fly out, F4 (Line Drive, 4)
Batting: LHB Jeff Horton 0-0: Called Strike
0-1: Ball
1-1: Called Strike
1-2: Ball
2-2: Ball
3-2: Fly out, F6 (Popup, 56)
Batting: LHB Scot Chilson 0-0: Foul Ball, location: 2F
0-1: Swinging Strike
0-2: Strikes out looking
Bottom of the 1st over - 0 run(s), 0 hit(s), 0 error(s), 0 left on base; Oklahoma State 0 - Southern California 0
TOP OF THE 2ND
Oklahoma State Cowboys batting - Pitching for Southern California Trojans : RHP Carl Thomas
Batting: RHB Mark Hart 0-0: Called Strike
0-1: Ball
1-1: Ground out 6-3 (Groundball, 6)
Batting: SHB John Hill 0-0: Called Strike
0-1: Ball
1-1: Ball
2-1: Called Strike
2-2: Strikes out looking
Batting: RHB Jack Bradley 0-0: Swinging Strike
0-1: Swinging Strike
0-2: SINGLE (Line Drive, 8LS)
Batting: RHB David Alonso 0-0: SINGLE (Flyball, 7LS)
Jack Bradley to second
Batting: RHB Adrián López 0-0: Swinging Strike
0-1: Ball
1-1: Called Strike
1-2: Strikes out swinging
Top of the 2nd over - 0 run(s), 2 hit(s), 0 error(s), 2 left on base; Oklahoma State 0 - Southern California 0
BOTTOM OF THE 2ND
Southern California Trojans batting - Pitching for Oklahoma State Cowboys : RHP Lance Britt
Batting: LHB Thomas Dixon 0-0: Ball
1-0: Fly out, F8 (Flyball, 8RM)
Batting: RHB José Martínez 0-0: Called Strike
0-1: Ball
1-1: Called Strike
1-2: Strikes out swinging
Batting: LHB Mike Davis 0-0: Ball
1-0: Called Strike
1-1: SOLO HOME RUN (Flyball, 8LXD), Distance : 397 ft
Batting: RHB Patrick Daniels 0-0: Ball
1-0: Ground out 2-3 (Groundball, 25)
Bottom of the 2nd over - 1 run(s), 1 hit(s), 0 error(s), 0 left on base; Oklahoma State 0 - Southern California 1
TOP OF THE 3RD
Oklahoma State Cowboys batting - Pitching for Southern California Trojans : RHP Carl Thomas
Batting: RHB Henry Jackson 0-0: Ball
1-0: Called Strike
1-1: SINGLE (Groundball, 34D)
Batting: RHB Mark McCullough 0-0: Called Strike
Henry Jackson steals 2nd base
0-1: Swinging Strike
0-2: Ball
1-2: Strikes out looking
Batting: RHB Earnest Maldonado 0-0: Ball
1-0: Foul Ball, location: 2F
1-1: Ball
2-1: Ball
3-1: Base on Balls
Batting: RHB Jack Hollon 0-0: DOUBLE (Line Drive, 9LM)
Henry Jackson scores
Earnest Maldonado to third
Batting: RHB Mark Hart 0-0: Called Strike
0-1: Ball
1-1: Foul Ball, location: 2F
1-2: Ball
2-2: Strikes out looking
Batting: SHB John Hill 0-0: Ball
1-0: Called Strike
1-1: Fly out, F8 (Flyball, 78M)
Top of the 3rd over - 1 run(s), 2 hit(s), 0 error(s), 2 left on base; Oklahoma State 1 - Southern California 1
BOTTOM OF THE 3RD
Southern California Trojans batting - Pitching for Oklahoma State Cowboys : RHP Lance Britt
Batting: RHB Marvin Johnson 0-0: SINGLE (Groundball, 6MD)
Batting: RHB Roy MacCluskie 0-0: SINGLE (Line Drive, 4D)
Marvin Johnson to second
Batting: RHB Gabriel Erwin 0-0: Ball
1-0: Ball
2-0: Foul Ball, location: 2F
2-1: Called Strike
2-2: Ball
3-2: Base on Balls
Marvin Johnson to third
Roy MacCluskie to second
Batting: LHB Jeff Horton 0-0: Swinging Strike
0-1: Ball
1-1: Foul Ball, location: 2F
1-2: Foul Ball, location: 2F
1-2: Reached on Error, E9 (Flyball, 9M)
Marvin Johnson scores
Roy MacCluskie to third
Gabriel Erwin to second
Batting: LHB Scot Chilson 0-0: Ball
1-0: Called Strike
1-1: Fielders Choice at 2nd, 6-4 (Groundball, 6M)
Roy MacCluskie scores
Gabriel Erwin to third
Batting: LHB Thomas Dixon 0-0: Ball
1-0: SINGLE (Groundball, 3S) (infield hit)
Gabriel Erwin scores
Scot Chilson to second
Batting: RHB José Martínez 0-0: Called Strike
0-1: SINGLE (Line Drive, 89M)
Scot Chilson to third
Thomas Dixon to second
Runner from 3rd tries for Home, SAFE, no throw or cutoff
Batting: LHB Mike Davis 0-0: Foul Ball, location: 2F
0-1: Foul Ball, location: 2F
0-2: Ball
1-2: Strikes out swinging
Batting: RHB Patrick Daniels 0-0: Called Strike
0-1: Ball
1-1: SINGLE (Line Drive, 4D)
Thomas Dixon to third
José Martínez to second
Runner from 3rd tries for Home, SAFE, no throw or cutoff
Batting: RHB Marvin Johnson 0-0: Called Strike
0-1: Ball
1-1: Ball
2-1: Ball
3-1: Foul Ball, location: 2F
3-2: Strikes out swinging
Bottom of the 3rd over - 5 run(s), 5 hit(s), 1 error(s), 2 left on base; Oklahoma State 1 - Southern California 6
TOP OF THE 4TH
Oklahoma State Cowboys batting - Pitching for Southern California Trojans : RHP Carl Thomas
Batting: RHB Jack Bradley 0-0: Ball
1-0: SINGLE (Line Drive, 7S)
Batting: RHB David Alonso 0-0: Ball
1-0: Fly out, F3 (Popup, 23)
Batting: RHB Adrián López 0-0: Ball
1-0: Ball
2-0: 2-RUN HOME RUN (Flyball, 7D), Distance : 351 ft
Batting: RHB Henry Jackson 0-0: Ball
1-0: Ball
2-0: Foul Ball, location: 2F
2-1: SINGLE (Line Drive, 78M)
Batting: RHB Mark McCullough 0-0: Ball
1-0: Called Strike
1-1: Ground out 3-1 (Groundball, 34)
Henry Jackson to second
Batting: RHB Earnest Maldonado 0-0: Ground out 5-3 (Groundball, 5L)
Top of the 4th over - 2 run(s), 3 hit(s), 0 error(s), 1 left on base; Oklahoma State 3 - Southern California 6
BOTTOM OF THE 4TH
Southern California Trojans batting - Pitching for Oklahoma State Cowboys : RHP Lance Britt
Batting: RHB Roy MacCluskie 0-0: Called Strike
0-1: Called Strike
0-2: Ball
1-2: SINGLE (Groundball, 23) (infield hit)
Batting: RHB Gabriel Erwin 0-0: Ball
1-0: Foul Ball, location: 2F
1-1: Ball
2-1: DOUBLE (Line Drive, 7LM)
Roy MacCluskie to third
Batting: LHB Jeff Horton 0-0: Ball
1-0: DOUBLE (Flyball, 78M)
Roy MacCluskie scores
Gabriel Erwin scores
Pitching: RHP Matthew Wright
Batting: LHB Scot Chilson 0-0: Foul Ball, location: 2F
0-1: Ball
1-1: Called Strike
1-2: Ball
2-2: Ball
3-2: Foul Ball, location: 2F
3-2: Base on Balls
Batting: LHB Thomas Dixon 0-0: Ball
1-0: Ball
2-0: Foul Ball, location: 2F
2-1: Called Strike
2-2: Strikes out swinging
Batting: RHB José Martínez 0-0: Foul Ball, location: 2F
0-1: Called Strike
0-2: Strikes out swinging
Batting: LHB Mike Davis 0-0: Called Strike
0-1: Foul Ball, location: 2F
0-2: Ground out 4-3 (Groundball, 4)
Bottom of the 4th over - 2 run(s), 3 hit(s), 0 error(s), 2 left on base; Oklahoma State 3 - Southern California 8
TOP OF THE 5TH
Oklahoma State Cowboys batting - Pitching for Southern California Trojans : RHP Carl Thomas
Batting: RHB Jack Hollon 0-0: Ball
1-0: Foul Ball, location: 2F
1-1: Called Strike
1-2: Strikes out swinging
Batting: RHB Mark Hart 0-0: Swinging Strike
0-1: Ball
1-1: Foul Ball, location: 2F
1-2: Foul Ball, location: 2F
1-2: Strikes out swinging
Batting: SHB John Hill 0-0: Ball
1-0: Foul Ball, location: 2F
1-1: Swinging Strike
1-2: Strikes out looking
Top of the 5th over - 0 run(s), 0 hit(s), 0 error(s), 0 left on base; Oklahoma State 3 - Southern California 8
BOTTOM OF THE 5TH
Southern California Trojans batting - Pitching for Oklahoma State Cowboys : RHP Matthew Wright
Batting: RHB Patrick Daniels 0-0: Foul Ball, location: 2F
0-1: Ball
1-1: Foul Ball, location: 2F
1-2: SOLO HOME RUN (Flyball, 7LD), Distance : 335 ft
Batting: RHB Marvin Johnson 0-0: Ball
1-0: Fly out, F8 (Flyball, 89XD)
Batting: RHB Roy MacCluskie 0-0: Foul Ball, location: 2F
0-1: Ground out 4-3 (Groundball, 4M)
Batting: RHB Gabriel Erwin 0-0: Ball
1-0: Foul Ball, location: 2F
1-1: Called Strike
1-2: DOUBLE (Flyball, 89D) - OUT at third base trying to stretch hit.
Bottom of the 5th over - 1 run(s), 2 hit(s), 0 error(s), 0 left on base; Oklahoma State 3 - Southern California 9
TOP OF THE 6TH
Oklahoma State Cowboys batting - Pitching for Southern California Trojans : RHP Carl Thomas
Batting: RHB Jack Bradley 0-0: Called Strike
0-1: Ground out 5-3 (Groundball, 5S)
Pitching: LHP Darren Russell
Batting: RHB David Alonso 0-0: Ball
1-0: Called Strike
1-1: Ball
2-1: Foul Ball, location: 2F
2-2: Ball
3-2: Foul Ball, location: 2F
3-2: Fly out, F9 (Flyball, 9M)
Batting: RHB Adrián López 0-0: Ball
1-0: Ball
2-0: SINGLE (Flyball, 78S)
Batting: RHB Henry Jackson 0-0: Ball
1-0: Foul Ball, location: 2F
1-1: Ball
2-1: Foul Ball, location: 2F
2-2: Foul Ball, location: 2F
2-2: Ball
3-2: Foul Ball, location: 2F
3-2: Base on Balls
Adrián López to second
Batting: RHB Mark McCullough 0-0: Fielders Choice at 2nd, 5-4 (Groundball, 56)
Top of the 6th over - 0 run(s), 1 hit(s), 0 error(s), 1 left on base; Oklahoma State 3 - Southern California 9
BOTTOM OF THE 6TH
Southern California Trojans batting - Pitching for Oklahoma State Cowboys : RHP Matthew Wright
Batting: LHB Jeff Horton 0-0: Ball
1-0: Fly out, F9 (Line Drive, 9M)
Batting: LHB Scot Chilson 0-0: Called Strike
0-1: SINGLE (Line Drive, 9S)
Batting: LHB Thomas Dixon 0-0: Ball
1-0: Called Strike
1-1: Called Strike
1-2: Ball
2-2: Foul Ball, location: 2F
2-2: Ball
3-2: Base on Balls
Scot Chilson to second
Batting: RHB José Martínez 0-0: Ball
1-0: Called Strike
1-1: Called Strike
Throwing error on steal attempt, E2
Scot Chilson scores
Thomas Dixon to third
1-2: Fly out, F3 (Popup, 3L)
Batting: LHB Mike Davis 0-0: Called Strike
0-1: Fly out, F7 (Flyball, 7M)
Bottom of the 6th over - 1 run(s), 1 hit(s), 1 error(s), 1 left on base; Oklahoma State 3 - Southern California 10
TOP OF THE 7TH
Oklahoma State Cowboys batting - Pitching for Southern California Trojans : LHP Darren Russell
Batting: RHB Earnest Maldonado 0-0: Ball
1-0: Ball
2-0: Swinging Strike
2-1: Ball
3-1: Called Strike
3-2: Foul Ball, location: 2F
3-2: Strikes out swinging
Batting: RHB Jack Hollon 0-0: Ball
1-0: Swinging Strike
1-1: Swinging Strike
1-2: Foul Ball, location: 2F
1-2: Ball
2-2: Strikes out swinging
Batting: RHB Mark Hart 0-0: Ball
1-0: Called Strike
1-1: Called Strike
1-2: Foul Ball, location: 2F
1-2: Ball
2-2: Ball
3-2: Strikes out swinging
Top of the 7th over - 0 run(s), 0 hit(s), 0 error(s), 0 left on base; Oklahoma State 3 - Southern California 10
BOTTOM OF THE 7TH
Southern California Trojans batting - Pitching for Oklahoma State Cowboys : RHP Matthew Wright
Pitching: RHP R.J. Hull
Batting: RHB Patrick Daniels 0-0: Ball
1-0: Swinging Strike
1-1: Swinging Strike
1-2: Strikes out swinging
Batting: RHB Marvin Johnson 0-0: Foul Ball, location: 2F
0-1: Foul Ball, location: 2F
0-2: Strikes out swinging
Batting: RHB Roy MacCluskie 0-0: Called Strike
0-1: Ball
1-1: Ball
2-1: Foul Ball, location: 2F
2-2: Foul Ball, location: 2F
2-2: Fly out, F6 (Popup, 6)
Bottom of the 7th over - 0 run(s), 0 hit(s), 0 error(s), 0 left on base; Oklahoma State 3 - Southern California 10
TOP OF THE 8TH
Oklahoma State Cowboys batting - Pitching for Southern California Trojans : LHP Darren Russell
Pitching: LHP Jason MacNeill
Now in LF: Roberto Barrón
Batting: SHB John Hill 0-0: Ball
1-0: SINGLE (Groundball, 56D)
Batting: RHB Jack Bradley 0-0: Called Strike
0-1: Ball
1-1: Called Strike
1-2: Ball
2-2: Strikes out swinging
Batting: RHB David Alonso 0-0: Called Strike
0-1: Ball
1-1: Called Strike
1-2: Strikes out swinging
Batting: RHB Adrián López 0-0: Called Strike
0-1: Ball
1-1: Ball
2-1: Ball
3-1: Base on Balls
John Hill to second
Batting: RHB Henry Jackson 0-0: Foul Ball, location: 2F
0-1: Ball
1-1: Fly out, F7 (Flyball, 7S)
Top of the 8th over - 0 run(s), 1 hit(s), 0 error(s), 2 left on base; Oklahoma State 3 - Southern California 10
BOTTOM OF THE 8TH
Southern California Trojans batting - Pitching for Oklahoma State Cowboys : RHP R.J. Hull
Batting: RHB Gabriel Erwin 0-0: Called Strike
0-1: Foul Ball, location: 2F
0-2: Foul Ball, location: 2F
0-2: Ball
1-2: Ball
2-2: Strikes out looking
Batting: LHB Jeff Horton 0-0: Called Strike
0-1: Ball
1-1: SINGLE (Groundball, 3D)
Batting: LHB Scot Chilson 0-0: Called Strike
0-1: Called Strike
0-2: Foul Ball, location: 2F
0-2: Strikes out swinging
Batting: LHB Thomas Dixon 0-0: Ball
1-0: Ball
2-0: Swinging Strike
2-1: Called Strike
2-2: Strikes out swinging
Bottom of the 8th over - 0 run(s), 1 hit(s), 0 error(s), 1 left on base; Oklahoma State 3 - Southern California 10
TOP OF THE 9TH
Oklahoma State Cowboys batting - Pitching for Southern California Trojans : LHP Jason MacNeill
Batting: RHB Mark McCullough 0-0: SINGLE (Line Drive, 89S)
Batting: RHB Earnest Maldonado 0-0: Called Strike
0-1: Swinging Strike
0-2: Ball
1-2: Foul Ball, location: 2F
1-2: Fielders Choice at 2nd, 5-4 (Groundball, 5L)
Batting: RHB Jack Hollon 0-0: Called Strike
0-1: Foul Ball, location: 2F
0-2: Ball
1-2: Foul Ball, location: 2F
1-2: Strikes out swinging
Batting: RHB Mark Hart 0-0: Called Strike
0-1: Swinging Strike
0-2: Ball
1-2: DOUBLE (Line Drive, 78M)
Earnest Maldonado to third
Batting: SHB John Hill 0-0: Called Strike
0-1: Ball
1-1: Ball
2-1: Ball
3-1: Called Strike
3-2: Strikes out looking
Top of the 9th over - 0 run(s), 2 hit(s), 0 error(s), 2 left on base; Oklahoma State 3 - Southern California 10
This league is powered by Out of the Park Baseball, the baseball management simulation game for PC, Mac and Linux
Saturday, April 9th, 2016 - OOTP Baseball 16.8 Build 38